 Dungeon Crawl Stone Soup version 0.29-a0-344-ge2f44be95a (webtiles) character file.

Game seed: 16138664295029833782

187 Murumi the Skirmisher (level 5, -3/41 (45) HPs)
             Began as a Demigod Fighter on Apr 22, 2022.
             Slain by Edmund
             ... wielding a +4 dire flail of draining
              (14 damage)
             ... on level 4 of the Dungeon.
             The game lasted 00:06:25 (3149 turns).

Murumi the Skirmisher (Demigod Fighter)             Turns: 3149, Time: 00:06:25

HP:   -3/41 (45)    AC:  7    Str: 17    XL:     5   Next: 15%
MP:   7/7           EV: 12    Int: 10    God:
Gold: 125           SH: 11    Dex: 17    Spells: 4/4 levels left

rFire   . . .      SeeInvis .   a - +0 long sword
rCold   . . .      Faith    .   c - +1 buckler
rNeg    . . .      Spirit   .   (no body armour)
rPois   .          Reflect  +   (no helmet)
rElec   .          Harm     .   (no cloak)
rCorr   .          Rampage  .   o - +0 pair of gloves
Will    +....                   r - +1 pair of boots
Stlth   ++........              g - amulet of reflection
HPRegen 0.13/turn               e - +4 ring of protection
MPRegen 0.10/turn               q - ring of willpower

@: mighty, drained
A: high MP 1, forlorn, divine attributes
a: no special abilities


You were on level 4 of the Dungeon.
You visited 1 branch of the dungeon, and saw 4 of its levels.

You collected 125 gold pieces.

Inventory:

Hand Weapons
 a - a +0 long sword (weapon)
Armour
 b - a +0 scale mail
 c - a +1 buckler (worn)
 o - a +0 pair of gloves (worn)
 r - a +1 pair of boots (worn)
 s - a +0 chain mail
Jewellery
 e - a +4 ring of protection (left hand)
 g - an amulet of reflection (around neck)
 i - a ring of protection from cold
 q - a ring of willpower (right hand)
Wands
 k - a wand of flame (22)
Scrolls
 l - a scroll of blinking
Potions
 f - a potion of resistance
 h - a potion of invisibility {unknown}
 j - a potion of heal wounds {unknown}
 m - a potion of mutation {unknown}
 n - a potion of haste {unknown}
 p - a potion of brilliance {unknown}


   Skills:
 - Level 3.0 Fighting
 - Level 3.0 Long Blades
 - Level 3.0 Armour
 + Level 2.9 Dodging
 - Level 1.0 Stealth
 - Level 3.0 Shields
 - Level 1.0 Evocations


You had 4 spell levels left.
You didn't know any spells.
Your spell library contained the following spells:

 Spells                   Type           Power      Damage    Failure   Level
 Pain                     Necr           0%         1d4       45%         1
 Static Discharge         Conj/Air       0%         N/A       58%         2
 Dispel Undead            Necr           0%         3d6       99%         4
 Sticky Flame             Conj/Fire      0%         2d3       99%         4
 Agony                    Necr           0%         N/A       100%        5
 Excruciating Wounds      Necr           0%         N/A       100%        5


Dungeon Overview and Level Annotations

Branches:
Dungeon (4/15)             Temple (0/1) D:4

Annotations:
D:4 Edmund


Innate Abilities, Weirdness & Mutations

You have an increased reservoir of magic. (+10% MP)
You shall have no god before yourself.
Your divine heritage dramatically boosts your attributes as you level up.


Message History

The howler monkey is almost dead.
The howler monkey hoots and howls with incredible vigour!
You block the howler monkey's attack.
You hear a shout!
You slash the howler monkey!
You kill the howler monkey!
You have reached level 5!
Found a chain mail.
You see here a +0 chain mail.
You start removing your armour.
You continue taking off your +0 scale mail. x4
You finish taking off your +0 scale mail.
You feel very mighty all of a sudden.
Edmund throws a poisoned dart.
You reflect the poisoned dart off an invisible shield around you!
The poisoned dart hits Edmund!
Edmund is poisoned.
Edmund hits you with a +4 dire flail of draining!
You feel drained.
You completely miss Edmund.
Edmund is lightly wounded.
Edmund closely misses you.
You hit Edmund.
Edmund is lightly wounded.
You block Edmund's attack.
Edmund hits you with a +4 dire flail of draining!
* * * LOW HITPOINT WARNING * * *
You feel drained.
* * * LOW HITPOINT WARNING * * *
Okay, then.
You hit Edmund.
Edmund is moderately wounded.
Edmund misses you.
You hit Edmund.
Edmund is heavily wounded.
You block Edmund's attack.
You closely miss Edmund.
Edmund is heavily wounded.
Edmund says, "I'm quite good with sums, too."
Edmund hits you with a +4 dire flail of draining!
You die...

.. # #. #...
##.#.
.....## ..
..# #. #.#
#.##.#
#..#@#
#.###†#@#
#....<..#
#####.###
#.# #..
#.......#
###
#........
#.......#
###......###


You could see Edmund (poisoned).

Vanquished Creatures
  A howler monkey (D:4)
  Jessica (D:2)
  An orc wizard (D:4)
  An adder (D:2)
  3 gnolls (D:3)
  A worm (D:3)
  2 dart slugs
  2 orcs (D:4)
  3 endoplasms
  4 giant cockroaches
  A goblin (D:1)
  2 hobgoblins (D:2)
  6 quokkas
  6 ball pythons
  5 bats
  4 frilled lizards
  9 kobolds
  3 rats
  2 bushes (D:3)
57 creatures vanquished.

Vanquished Creatures (others)
  6 plants (D:3)
6 creatures vanquished.

Grand Total: 63 creatures vanquished

Notes
Turn   | Place    | Note
-------+----------+-------------------------------------------
     0 | D:1      | Murumi the Demigod Fighter began the quest for the Orb.
     0 | D:1      | Reached XP level 1. HP: 18/18 MP: 3/3
   525 | D:1      | Reached XP level 2. HP: 23/26 MP: 4/4
   847 | D:2      | Noticed Jessica
   853 | D:2      | Killed Jessica
   854 | D:2      | Reached skill level 1 in Dodging
   854 | D:2      | Reached skill level 1 in Stealth
   854 | D:2      | Reached XP level 3. HP: 23/31 MP: 5/5
  1074 | D:2      | Identified the +1 robe of Xailerau {Int+2}
  2121 | D:3      | Reached skill level 1 in Evocations
  2121 | D:3      | Reached XP level 4. HP: 38/38 MP: 6/6
  3011 | D:4      | Found a staircase to the Ecumenical Temple.
  3134 | D:4      | Reached XP level 5. HP: 36/45 MP: 7/7
  3141 | D:4      | Noticed Edmund
  3149 | D:4      | Slain by Edmund

Illustrated notes

Levels and vault maps discovered:
D:1:      amcnicky_arrival_flooded_fountain, layout_rooms,
          dreamdust_ecumenical_altar_hidden_monk_grotto, dk_noncrumbling_3,
          minmay_misc_feat_plants
D:2:      minmay_diamond_boxcup, layout_loops_corners, basic_altar, uniq_jessica
D:3:      layout_basic, hex_medium, lexackson_kobold_supper
D:4:      layout_loops_cross, mainiacjoe_overflow_tiny_flanked,
          mainiacjoe_overflow_brackets, minmay_temple_entry_arrows,
          portal_sewer_entry_e, serial_shops, kennysheep_mini_moat,
          serial_bayou_ford_a, uniq_ijyb, uniq_edmund

Skill      XL: |  1  2  3  4 |
---------------+-------------+-----
Long Blades    | 2 3 |  3.0
Fighting       | 3 |  3.0
Armour         | 3 |  3.0
Shields        | 3 |  3.0
Dodging        | 1 2 |  2.9
Stealth        | 1 |  1.0
Evocations     | 1 |  1.0

Action                   |  1- 3 |  4- 6 || total
-------------------------+-------+-------++-------
Melee: Long sword        |    91 |   245 ||   336
  Use: Scroll            |     4 |       ||     4
       Potion            |       |     1 ||     1
Armor: Scale mail        |    29 |    39 ||    68
Dodge: Dodged            |    29 |    43 ||    72
Block: Buckler           |    51 |    71 ||   122
       Reflection        |       |     2 ||     2

Table legend: (Time is in decaauts)
 A = Elapsed time spent in this place.
 B = Non-inter-level travel time spent in this place.
 C = Inter-level travel time spent in this place.
 D = Time resting spent in this place.
 E = Time spent auto-exploring this place.
 F = Levels seen in this place.
 G = Mean time per level.
                   A        B        C        D        E       F      G
               +--------+--------+--------+--------+--------+-----+--------+
         Total |   3258 |   2953 |    305 |      5 |   2202 |   4 |  814.5 |
       Dungeon |   3258 |   2953 |    305 |      5 |   2202 |   4 |  814.5 |
               +--------+--------+--------+--------+--------+-----+--------+

Top non-repeatable levels by time:
     D:2: 1303 daAuts
     D:3: 1108 daAuts
     D:1: 783 daAuts
     D:4: 63 daAuts
